 Dungeon Crawl Stone Soup version 0.27-a0-972-gd1521fd518 (webtiles) character file.

Game seed: 5602742763550464940

86 Alarkh the Insei (level 4, 18/33 HPs)
             Began as a Demonspawn Transmuter on Apr 13, 2021.
             Got out of the dungeon alive.
             The game lasted 00:02:08 (1631 turns).

Alarkh the Insei (Demonspawn Transmuter)            Turns: 1631, Time: 00:02:09

Health: 18/33      AC:  5    Str: 10    XL:     4   Next: 27%
Magic:  5/7        EV: 12    Int: 15    God:
Gold:   72         SH:  0    Dex: 14    Spells: 4/8 levels left

rFire    . . .     SeeInvis .     - Unarmed
rCold    . . .     Faith    .   (no shield)
rNeg     . . .     Spirit   .   a - +0 robe
rPois    .         Reflect  .   (no helmet)
rElec    .         Harm     .   h - +0 cloak
rCorr    .         Rampage  .   (no gloves)
Will     .....                  (no boots)
Stlth    +.........             (no amulet)
HPRegen  0.11/turn              (no ring)
MPRegen  0.10/turn              (no ring)

@: no status effects
A: claws 2, thin metallic scales 1
a: no special abilities


You escaped.
You visited 1 branch of the dungeon, and saw 3 of its levels.

You collected 72 gold pieces.

Inventory:

Armour
 a - a +0 robe (worn)
 h - a +0 cloak (worn)
 i - a +3 ring mail
Scrolls
 c - a scroll of amnesia {unknown}
 f - a scroll of fear {unknown}
 j - 3 scrolls of fog {unknown}
Potions
 b - a potion of lignification {unknown}
 d - a potion of ambrosia {unknown}
 e - a potion of flight {unknown}
 g - a potion of degeneration {unknown}


   Skills:
 + Level 2.0 Fighting
 - Level 1.7 Dodging
 * Level 3.6 Unarmed Combat
 + Level 2.5 Spellcasting
 + Level 2.3 Transmutations


You had 4 spell levels left.
You knew the following spells:

 Your Spells              Type           Power      Damage    Failure   Level
a - Beastly Appendage     Tmut           18%        N/A       8%          1
b - Spider Form           Tmut/Pois      2%         N/A       36%         3

Your spell library contained the following spells:

 Spells                   Type           Power      Damage    Failure   Level
 Wereblood                Tmut           9%         N/A       12%         2
 Ice Form                 Ice/Tmut       5%         N/A       78%         4
 Hydra Form               Tmut           4%         N/A       91%         5


Dungeon Overview and Level Annotations

Branches:
Dungeon (3/15)

Altars:


Innate Abilities, Weirdness & Mutations

You have very sharp fingernails.
You are partially covered in thin metallic scales. (AC +2)


Message History

The gnoll shouts!
Casting: Spider Form (quite dangerous; 36% risk of failure)
Confirm with . or Enter, or press ? or * to list all spells.
You grow a pair of large bovine horns.
Your feet morph into talons.
The gnoll barely misses you.
Unknown command.
You scratch the gnoll.
The gnoll is lightly wounded.
The gnoll barely misses you.
You scratch the gnoll.
The gnoll is moderately wounded.
The gnoll hits you with a +0 club.
You scratch the gnoll but do no damage. You claw the gnoll.
The gnoll is heavily wounded.
The gnoll misses you.
You barely miss the gnoll.
The gnoll is heavily wounded.
The gnoll hits you with a +0 club!
You scratch the gnoll.
The gnoll is heavily wounded.
The gnoll closely misses you.
Your magical contamination has completely faded away.
You scratch the gnoll. You claw the gnoll.
The gnoll is severely wounded.
The gnoll hits you with a +0 club.
You scratch the gnoll but do no damage. You claw the gnoll.
You kill the gnoll!
Your transformation is almost over.
Things that are here:
a +0 club; a gnoll corpse
There is a stone staircase leading up here.
You climb upwards.
There is a stone staircase leading down here.
Your horns disappear.
Your talons disappear.
There is an open door here.
There is an open door here.
Magic restored.
There is a staircase leading out of the dungeon here.
Are you sure you want to leave the Dungeon?
This will make you lose the game!
You have escaped!

...............#
.########.######
..###.###..######## #######
...##..#..........###...#.#
....##..#................##
###....#......#####.......#
..####.....####...####....#
.....###'###.........###.##
⌠......'.'......@......#.##
.....###'###.........###..#
..####.....####...####....#
###.....###...#####.....###
.....##...##........#.###
.###############....### ##
######


There were no monsters in sight!

Vanquished Creatures
  3 gnolls (D:2)
  An adder (D:2)
  A worm (D:2)
  4 ball pythons
  2 endoplasms (D:1)
  5 giant cockroaches
  4 goblins
  5 hobgoblins
  4 jackals (D:1)
  3 kobolds
  A quokka (D:1)
  3 bats
  A frilled lizard (D:1)
  2 rats
39 creatures vanquished.

Notes
Turn   | Place    | Note
-------+----------+-------------------------------------------
     0 | D:1      | Alarkh the Demonspawn Transmuter began the quest for the
                  | Orb.
     0 | D:1      | Reached XP level 1. HP: 15/15 MP: 3/3
    93 | D:1      | Gained mutation: You have sharp fingernails. [demonic
                  | ancestry]
    93 | D:1      | Reached XP level 2. HP: 12/21 MP: 3/5
   228 | D:1      | Reached skill level 3 in Unarmed Combat
  1158 | D:2      | Gained mutation: You have very sharp fingernails. [demonic
                  | ancestry]
  1158 | D:2      | Reached XP level 3. HP: 26/26 MP: 6/6
  1393 | D:3      | Learned a level 3 spell: Spider Form
  1544 | D:2      | Gained mutation: You are partially covered in thin metallic
                  | scales. (AC +2) [demonic ancestry]
  1544 | D:2      | Reached XP level 4. HP: 24/33 MP: 1/7
  1631 | D:$      | Got out of the dungeon alive.

Illustrated notes

Levels and vault maps discovered:
D:1:      elethiomel_arrival_infinity_welcomes_careful_drivers, layout_basic
D:2:      layout_basic, ebering_ecumenical_altar_webs, grunt_decor_mini_mirrors
D:3:      layout_rooms, overflow_temple_1_default, uniq_ijyb, uniq_grinder,
          uniq_sigmund

Skill      XL: |  1  2  3 |
---------------+----------+-----
Unarmed Combat | 3 |  3.6
Transmutations | 2 |  2.3
Fighting       | 2 |  2.0
Dodging        | |  1.7
Spellcasting   | |  2.5

Action                   |  1- 3 |  4- 6 || total
-------------------------+-------+-------++-------
Melee: Unarmed           |   107 |     7 ||   114
       Headbutt          |     7 |       ||     7
       Punch             |     1 |       ||     1
       Kick              |     9 |     3 ||    12
 Cast: Beastly Appendage |    15 |     1 ||    16
       Spider Form       |     1 |       ||     1
Armor: Robe              |    12 |       ||    12
       Ring mail         |    20 |       ||    20
Dodge: Dodged            |    75 |     4 ||    79

Table legend: (Time is in decaauts)
 A = Elapsed time spent in this place.
 B = Non-inter-level travel time spent in this place.
 C = Inter-level travel time spent in this place.
 D = Time resting spent in this place.
 E = Time spent auto-exploring this place.
 F = Levels seen in this place.
 G = Mean time per level.
                   A        B        C        D        E       F      G
               +--------+--------+--------+--------+--------+-----+--------+
         Total |   1625 |   1432 |    193 |    120 |    990 |   3 |  541.7 |
       Dungeon |   1625 |   1432 |    193 |    120 |    990 |   3 |  541.7 |
               +--------+--------+--------+--------+--------+-----+--------+

Top non-repeatable levels by time:
     D:1: 1075 daAuts
     D:2: 393 daAuts
     D:3: 157 daAuts
